Map: Cyber Forest LE

Players

goblin

  • Race: Protoss Protoss
  • Spawn Location: 11:00

Elazer - Winner!

  • Race: Zerg Zerg
  • Spawn Location: 5:00

Event: 2019 WCS Summer

VOD

Have the link to the VOD?

Description

Time

  • Played on: July 12, 2019, 1:12 p.m.
  • Length: 7:39

All games in this series

Show
View Real Time Build Order
Export as new Build Order

goblin Protoss 

Build Orders: 1 Gate Expand 

Get SALT Encoding   

  12  0:00  Probe  
  13  0:12  Probe  
  14  0:18  Pylon  
  14  0:24  Probe  
  15  0:32  Probe  
  15  0:38  Gateway  
  15  0:40  Probe  
  16  0:46  Assimilator  
  17  0:51  Probe  
  18  1:03  Probe  
  19  1:19  Nexus  
  19  1:21  Probe  
  20  1:31  Cybernetics Core  
  20  1:34  Probe  
  21  1:40  Assimilator  
  21  1:46  Probe  
  22  1:49  Pylon  
  22  1:56  Probe  
  22  1:57  Stalker  
  23  2:04  Probe  
  25  2:12  Probe  
  25  2:13  Robotics Facility  
  26  2:19  Warp Gate  
  27  2:25  Probe  
  27  2:28  Probe  
  27  2:29  Adept  
  30  2:36  Probe  
  30  2:37  Probe  
  33  2:48  Probe  
  33  2:49  Probe  
  35  2:53  Warp Prism  
  35  2:54  Twilight Council  
  38  3:20  Charge, Immortal  
  38  3:26  Gateway  
  44  3:39  Probe  
  44  3:51  Immortal  
  46  4:05  Gateway  
  46  4:11  Gateway x2  
  46  4:13  Gateway  
  46  4:15  Pylon  
  46  4:16  Gateway  
  46  4:17  Gateway  
  46  4:21  Pylon  
  46  4:29  Pylon  
  46  4:33  Zealot x2  
  50  4:56  Adept  
  50  4:57  Zealot  
  50  4:59  Pylon  
  54  5:00  Zealot  
  56  5:08  Zealot x2  
  56  5:09  Zealot  
  56  5:12  Zealot x2  
  66  5:17  Pylon  
  66  5:18  Zealot x2  
  64  5:31  Zealot x4  
  60  5:46  Zealot x2  
  60  5:47  Zealot x2  
  66  5:52  Zealot x3  
  66  5:53  Zealot  
  66  5:56  Pylon  
  72  6:23  Zealot  
  72  6:24  Zealot x7  
  88  6:47  Zealot x3, Pylon  
  90  6:48  Pylon  
  94  7:14  Zealot x5  
  94  7:15  Zealot x3  
Show
View Real Time Build Order
Export as new Build Order

Elazer Zerg - Winner!

Build Orders: Hatch First 

Get SALT Encoding   

  12  0:00  Drone  
  13  0:12  Overlord  
  13  0:16  Drone  
  14  0:30  Drone x2  
  16  0:49  Hatchery  
  15  0:51  Drone  
  15  0:54  Drone  
  17  0:58  Drone  
  18  1:08  Extractor  
  17  1:13  Spawning Pool  
  17  1:17  Drone  
  17  1:20  Drone  
  18  1:28  Drone  
  19  1:38  Drone  
  20  1:49  Drone  
  21  1:59  Overlord  
  21  2:00  Queen x2  
  21  2:01  Zergling x2  
  26  2:11  Zergling x2, Drone  
  28  2:25  Drone x2  
  28  2:28  Hatchery  
  29  2:33  Drone x2  
  31  2:40  Queen  
  33  2:46  Overlord  
  33  2:50  Metabolic Boost  
  33  2:52  Drone  
  33  2:55  Drone  
  35  2:58  Drone  
  36  3:10  Drone x2  
  36  3:11  Drone x4  
  42  3:14  Overlord  
  42  3:23  Lair  
  42  3:27  Queen  
  42  3:33  Drone x3  
  47  3:34  Drone  
  47  3:36  Drone  
  47  3:39  Extractor  
  48  3:43  Drone x2  
  50  3:50  Extractor  
  50  3:51  Drone x2  
  50  3:53  Drone  
  50  3:54  Roach Warren  
  51  3:56  Drone x2  
  51  3:58  Drone  
  51  4:02  Overlord  
  54  4:03  Drone  
  54  4:07  Overlord  
  55  4:10  Zergling x4  
  55  4:13  Zergling x2  
  55  4:15  Overlord  
  58  4:20  Zergling x6  
  58  4:22  Overseer  
  58  4:23  Zergling x2  
  62  4:26  Zergling x2  
  62  4:27  Zergling x4  
  65  4:32  Overlord  
  65  4:36  Roach x2  
  68  4:41  Roach  
  68  4:42  Roach x2  
  74  4:45  Overlord  
  74  4:50  Roach x2  
  78  4:53  Roach  
  78  4:56  Roach x2  
  78  4:59  Roach  
  85  5:01  Ravager  
  85  5:02  Ravager  
  85  5:05  Ravager  
  85  5:06  Zergling x8  
  92  5:08  Roach  
  92  5:11  Roach  
  95  5:14  Roach  
  95  5:17  Overlord  
  95  5:18  Zergling x2  
  89  5:31  Zergling x16  
  89  5:34  Ravager  
  96  5:41  Overlord, Ravager  
  95  5:42  Glial Reconstitution  
  95  5:45  Queen x2  
  96  5:50  Roach  
  96  5:51  Roach  
  96  5:52  Roach  
  96  5:54  Overlord  
  102  5:58  Overlord  
  102  6:08  Roach x3  
  108  6:13  Overlord  
  108  6:16  Roach x2  
  108  6:17  Queen  
  114  6:22  Roach  
  114  6:25  Roach x2  
  120  6:27  Roach x2  
  120  6:30  Roach  
  126  6:38  Roach x3  
  131  6:41  Zergling x8  
  131  6:44  Roach  
  137  6:50  Overlord  
  136  7:00  Overlord x3  
  135  7:08  Roach x2  
Tags
 
Add a new tag
Caveats
  • Supply blocks, unpowered buildings, or Contaminate may cause inaccurate times.
  • Supply counts are checked every 10 seconds.